 Dungeon Crawl Stone Soup version 0.23-b1-51-gfe822ef6ca (webtiles) character file.

Game seed: 18442478484514196156

105 Gargoyl the Skirmisher (level 4, 0/40 HPs)
             Began as a Centaur Abyssal Knight on Feb 4, 2019.
             Was a Believer of Lugonu.
             Slain by Crazy Yiuf
             ... wielding a +4 quarterstaff of chaos
              (6 damage)
             ... on level 2 of the Dungeon.
             The game lasted 00:03:48 (1804 turns).

Gargoyl the Skirmisher (Centaur Abyssal Knight)     Turns: 1804, Time: 00:03:48

Health: 0/40       AC:  8    Str: 14    XL:     4   Next: 53%
Magic:  5/5        EV:  1    Int: 11    God:    Lugonu [**....]
Gold:   91         SH:  0    Dex: 10    Spells: 3/3 levels left

rFire    . . .     SeeInvis .   a - +2 hand axe
rCold    . . .     Gourm    .   (no shield)
rNeg     . . .     Faith    .   f - +0 plate armour
rPois    .         Spirit   .   (no helmet)
rElec    .         Reflect  .   (no cloak)
rCorr    .         Harm     .   (no gloves)
MR       .....                  (no barding)
Stlth    ..........             (no amulet)
HPRegen  0.13/turn              (no ring)
MPRegen  0.09/turn              (no ring)

@: lethally poisoned (0 -> -8), very quick
A: large, hooves 3, deformed body, speed 2, tough skin 3
a: Depart the Abyss, Bend Space, Renounce Religion


You were on level 2 of the Dungeon.
You worshipped Lugonu.
Lugonu was pleased with you.
You were hungry.

You visited 1 branch of the dungeon, and saw 2 of its levels.
You visited the Abyss 1 time.

You collected 91 gold pieces.

Inventory:

Hand Weapons
 a - a +2 hand axe (weapon)
Armour
 f - a +0 plate armour (worn)
Scrolls
 e - a scroll of identify {unknown}
 g - 3 scrolls of teleportation {unknown}
 i - 2 scrolls of remove curse {unknown}
 j - a scroll of fog {unknown}
 k - a scroll of enchant weapon
Potions
 b - a potion of cancellation {unknown}
 d - 3 potions of ambrosia {unknown}
 h - 2 potions of mutation {unknown}
 l - a potion of resistance
Comestibles
 c - a ration


   Skills:
 + Level 3.7 Fighting
 + Level 3.3 Axes
 + Level 1.8 Armour
 + Level 0.6 Dodging
 + Level 2.4 Invocations


You had 3 spell levels left.
You didn't know any spells.
Your spell library was empty.

Dungeon Overview and Level Annotations

Branches:
Dungeon (2/15)

Altars:
Okawaru

Annotations:
D:2 Crazy Yiuf


Innate Abilities, Weirdness & Mutations

You have hooves in place of feet.
Armour fits poorly on your strangely shaped body.
You cover ground very quickly.
You have extremely tough skin. (AC +3)


Message History

Crazy Yiuf is heavily wounded.
Crazy Yiuf whimpers, "Pitchfork!"
Crazy Yiuf hits you with a +4 quarterstaff of chaos.
Crazy Yiuf burns you.
Your plate armour prevents you from hitting Crazy Yiuf.
Crazy Yiuf is heavily wounded.
Crazy Yiuf hits you with a +4 quarterstaff of chaos!
Crazy Yiuf freezes you.
* * * LOW HITPOINT WARNING * * *
You hit Crazy Yiuf.
Crazy Yiuf is severely wounded.
Crazy Yiuf hits you with a +4 quarterstaff of chaos.
* * * LOW HITPOINT WARNING * * *
You are lethally poisoned!
You barely miss Crazy Yiuf. You kick Crazy Yiuf, but do no damage.
Crazy Yiuf is severely wounded.
* * * LOW HITPOINT WARNING * * *
You feel sick.
Crazy Yiuf hits you with a +4 quarterstaff of chaos.
You die...

#......(#
#........
#.......#
#.###.###
#.......# #.###.#
######### #.....#
#########
♣♣♣♣♣##........
###
♣♣♣.♣..#.#.######
#...#♣..♣.......#
#...g@♣♣♣♣......#
#)..#♣♣ ♣♣.#..##
### ♣♣#### ####
#... #.## #.# #.#
#.#


You could see Crazy Yiuf.

Vanquished Creatures
  Jessica (D:2)
  Terence (D:2)
  An adder (D:2)
  A dart slug (D:1)
  A leopard gecko (D:2)
  6 giant cockroaches
  6 goblins (D:1)
  5 hobgoblins
  A quokka (D:2)
  3 bats
  5 frilled lizards
  5 kobolds
  5 rats (D:2)
41 creatures vanquished.

Notes
Turn   | Place    | Note
-------+----------+-------------------------------------------
     0 | Abyss:1  | Gargoyl the Centaur Abyssal Knight began the quest for the
                  | Orb.
     0 | Abyss:1  | Reached XP level 1. HP: 19/19 MP: 2/2
     4 | Abyss:1  | Found a corrupted altar of Lugonu.
    38 | Abyss:2  | Found a shimmering altar of Xom.
    74 | Abyss:2  | Noticed a thrashing horror
    75 | D:1      | Escaped the Abyss
   266 | D:1      | Reached * piety under Lugonu
   266 | D:1      | Reached XP level 2. HP: 26/26 MP: 3/3
   878 | D:2      | Reached XP level 3. HP: 31/31 MP: 4/4
   962 | D:2      | Found a faded altar of an unknown god.
  1107 | D:2      | Found an iron altar of Okawaru.
  1338 | D:2      | Found a runed translucent door.
  1339 | D:2      | Noticed Crazy Yiuf
  1433 | D:2      | Noticed Terence
  1446 | D:2      | Killed Terence
  1446 | D:2      | Reached XP level 4. HP: 31/40 MP: 5/5
  1606 | D:2      | Noticed Jessica
  1614 | D:2      | Killed Jessica
  1739 | D:2      | Reached ** piety under Lugonu
  1804 | D:2      | Slain by Crazy Yiuf

Skill      XL: |  1  2  3  4 |
---------------+-------------+-----
Axes           | 2 3 |  3.3
Fighting       | |  3.7
Armour         | |  1.8
Dodging        | |  0.6
Invocations    | |  2.4

Action                   |  1- 3 |  4- 6 || total
-------------------------+-------+-------++-------
Melee: Hand axe          |    96 |    14 ||   110
       Kick              |    15 |     2 ||    17
Invok: Depart the Abyss  |     1 |       ||     1
  Use: Scroll            |     2 |       ||     2
  Eat: Chunk             |       |     1 ||     1
Armor: Plate armour      |    82 |     8 ||    90
Dodge: Dodged            |     5 |     1 ||     6
